 Dungeon Crawl Stone Soup version 0.20.1-1-g8b1a95d (webtiles) character file.

959 raph the Firebug (level 7, -1/40 HPs)
             Began as a Deep Elf Fire Elementalist on Oct 5, 2017.
             Was a Believer of Vehumet.
             Shot with an arrow by a centaur (14 damage)
             ... on level 5 of the Dungeon.
             The game lasted 00:15:25 (5935 turns).

raph the Firebug (Deep Elf Fire Elementalist)       Turns: 5935, Time: 00:15:26

Health: -1/40      AC:  7    Str:  5    XL:     7   Next: 91%
Magic:  11/16      EV: 13    Int: 22    God:    Vehumet [**....]
Gold:   190        SH:  0    Dex: 15    Spells: 0/15 levels left

rFire    . . .     SeeInvis .   b - +0 mace (protect)
rCold    . . .     Gourm    .   (no shield)
rNeg     . . .     Faith    .   q - +0 leather armour
rPois    .         Spirit   .   o - +1 helmet
rElec    .         Reflect  .   (no cloak)
rCorr    .         Harm     .   y - +0 pair of gloves
MR       .....                  d - +0 pair of boots
Stlth    ++........             (no amulet)
Regen    0.2/turn               (no ring)
MPRegen  0.2/turn               (no ring)

@: very slightly contaminated
A: no striking features
a: Renounce Religion


You were on level 5 of the Dungeon.
You worshipped Vehumet.
Vehumet was pleased with you.
You were not hungry.

You visited 1 branch of the dungeon, and saw 5 of its levels.

You collected 190 gold pieces.

Inventory:

Hand Weapons
 a - a +2 dagger of venom
 b - a +0 mace of protection (weapon)
Missiles
 e - 5 tomahawks (quivered)
Armour
 d - a +0 pair of boots (worn)
 f - a +0 pair of boots
 o - a +1 helmet (worn)
 q - a +0 leather armour (worn)
 y - a +0 pair of gloves (worn)
Wands
 w - a wand of iceblast (8/15)
Scrolls
 k - a scroll of amnesia
 n - 2 scrolls of teleportation
 p - 4 scrolls of remove curse
Potions
 g - 4 potions of lignification
 h - a potion of curing
 i - 2 potions of mutation
 m - a potion of might
 r - 2 potions of magic {unknown}
 t - a potion of haste {unknown}
 u - a potion of heal wounds {unknown}
 x - a potion of brilliance {unknown}
Books
 v - a book of Flames

   Spells                             Type                      Level
   a - Flame Tongue                   Conjuration/Fire             1
   b - Throw Flame                    Conjuration/Fire             2
   c - Conjure Flame                  Conjuration/Fire             3
   d - Inner Flame                    Hexes/Fire                   3
   e - Sticky Flame                   Conjuration/Fire             4
   f - Fireball                       Conjuration/Fire             5
Comestibles
 c - 4 bread rations
 j - 2 meat rations
 l - 5 royal jellies
 s - 3 chunks of flesh


   Skills:
 + Level 2.6 Fighting
 + Level 1.6 Armour
 + Level 4.5 Dodging
 - Level 2.4 Stealth
 + Level 4.9 Spellcasting
 * Level 5.2 Conjurations
 * Level 6.1 Fire Magic


You couldn't memorise any spells.
You knew the following spells:

 Your Spells              Type           Power        Failure   Level  Hunger
a - Flame Tongue          Conj/Fire      ####.        1%          1    None
b - Throw Flame           Conj/Fire      ####..       2%          2    None
c - Conjure Flame         Conj/Fire      ####....     4%          3    ##.....
d - Inner Flame           Hex/Fire       ###.....     14%         3    ##.....
e - Magic Dart            Conj           ####         1%          1    None
f - Sticky Flame          Conj/Fire      ####....     16%         4    ####...
g - Sting                 Conj/Pois      ###.         5%          1    None


Dungeon Overview and Level Annotations

Branches:
Dungeon (5/15)
 Temple: D:4-7

Altars:
Sif Muna
Uskayaw
Vehumet
Xom

Annotations:
D:2 treasure


Message History

You feel your power returning.
Memorise Sting, consuming 1 spell level and leaving 0?
Vehumet grants you knowledge of Sting.
You start memorising the spell.
You continue memorising.
You finish memorising.
Spell assigned to 'g'.
A centaur comes into view.
The centaur wields a shortbow.
The centaur shoots an arrow.
The arrow barely misses you.
You see here a howler monkey corpse.
You butcher the howler monkey corpse.
The centaur shoots an arrow.
The arrow hits you.
Things that are here:
an arrow; 3 chunks of flesh; a howler monkey skeleton The centaur shoots an arrow.
The arrow hits you!
The centaur shoots an arrow.
The arrow hits you!
You see here 2 arrows.
The centaur shoots an arrow.
The arrow hits you!
* * * LOW HITPOINT WARNING * * *
The centaur shoots an arrow.
The arrow hits you!
You die...

............##..#..#
#.....###.####..#.....
..###.#...####..#..###
# #.#.##.#..... .# #
....##.#.####. #.#
###.(....# .. .?.
#....#.# ...
#.##.#.#####c# #.
#.#.((.@..# #
#.#(......#
..+...........
..#............
..########.##.# .# # #


You could see a centaur.

Vanquished Creatures
  A phantom (D:4)
  A hornet zombie (D:5)
  An ice beast (D:5)
  A centaur (D:5)
  An ogre (D:3)
  A howler monkey (D:5)
  A crimson imp (D:4)
  2 orc priests (D:4)
  A bullfrog zombie (D:4)
  An iguana (D:4)
  A bullfrog skeleton (D:5)
  5 worker ants
  9 adders
  An ooze (D:3)
  An adder zombie (D:5)
  A worm (D:2)
  A dart slug (D:3)
  4 leopard geckos
  8 orcs
  A ball python (D:2)
  8 bats
  8 giant cockroaches
  7 goblins
  8 hobgoblins
  11 jackals
  9 kobolds
  4 frilled lizards
  A leopard gecko skeleton (D:4)
  8 rats
107 creatures vanquished.

Notes
Turn   | Place    | Note
-------+----------+-------------------------------------------
     0 | D:1      | raph the Deep Elf Fire Elementalist began the quest for the Orb.
     0 | D:1      | Reached XP level 1. HP: 10/10 MP: 6/6
   131 | D:1      | Reached XP level 2. HP: 15/15 MP: 4/8
   172 | D:1      | Learned a level 2 spell: Throw Flame
   861 | D:2      | Reached XP level 3. HP: 18/20 MP: 3/9
  1237 | D:2      | Learned a level 3 spell: Conjure Flame
  1389 | D:2      | Reached XP level 4. HP: 24/24 MP: 2/11
  1512 | D:2      | Learned a level 3 spell: Inner Flame
  1608 | D:2      | Found a radiant altar of Vehumet.
  1615 | D:2      | Became a worshipper of Vehumet
  1643 | D:2      | Noticed a hand axe
  1645 | D:2      | Found a hide-covered altar of Uskayaw.
  1645 | D:2      | Noticed a dagger
  1735 | D:2      | Reached skill level 1 in Fighting
  1810 | D:2      | Found a faded altar of an unknown god.
  2361 | D:3      | Reached skill level 4 in Fire Magic
  2419 | D:3      | Found a shimmering altar of Xom.
  2498 | D:3      | Found a deep blue altar of Sif Muna.
  2526 | D:3      | Noticed an ogre
  2534 | D:3      | Killed an ogre
  2534 | D:3      | Reached XP level 5. HP: 29/29 MP: 1/12
  3054 | D:3      | Reached * piety under Vehumet
  3054 | D:3      | Offered knowledge of Magic Dart by Vehumet.
  3057 | D:3      | Learned a level 1 spell: Magic Dart
  3738 | D:4      | Reached XP level 6. HP: 34/34 MP: 7/14
  4108 | D:4      | Reached skill level 5 in Fire Magic
  4429 | D:4      | Reached skill level 1 in Armour
  4429 | D:4      | Reached XP level 7. HP: 40/40 MP: 11/15
  4640 | D:4      | Learned a level 4 spell: Sticky Flame
  4776 | D:5      | Entered Level 5 of the Dungeon
  5753 | D:5      | Reached skill level 5 in Conjurations
  5753 | D:5      | Reached skill level 6 in Fire Magic
  5882 | D:5      | Reached ** piety under Vehumet
  5882 | D:5      | Offered knowledge of Sting by Vehumet.
  5931 | D:5      | Learned a level 1 spell: Sting
  5935 | D:5      | Shot with an arrow by a centaur

Skill      XL: |  1  2  3  4  5  6  7 |
---------------+----------------------+-----
Conjurations   | 2 3 4 5 |  5.2
Fighting       | 1 2 |  2.6
Dodging        | 3 4 |  4.5
Fire Magic     | 4 5 6 |  6.1
Spellcasting   | 4 |  4.9
Armour         | 1 |  1.6
Stealth        | |  2.4

Action                   |  1- 3 |  4- 6 |  7- 9 || total
-------------------------+-------+-------+-------++-------
Melee: Dagger            |     7 |    10 |    15 ||    32
       Mace              |       |     1 |     5 ||     6
 Cast: Flame Tongue      |    56 |    81 |    43 ||   180
       Throw Flame       |     7 |    15 |     2 ||    24
       Conjure Flame     |     1 |     5 |     3 ||     9
       Inner Flame       |       |     1 |     1 ||     2
       Magic Dart        |       |       |    21 ||    21
       Sticky Flame      |       |       |     3 ||     3
  Use: Scroll            |       |     6 |     6 ||    12
  Eat: Chunk             |     1 |    10 |     1 ||    12
       Meat ration       |       |       |     1 ||     1
Armor: Robe              |     9 |     7 |       ||    16
       Leather armour    |       |     5 |    17 ||    22
Dodge: Dodged            |    33 |    38 |    51 ||   122
